 Dungeon Crawl Stone Soup version 0.29.1-2-gbd0b4ee654 (webtiles) character file.

Game seed: 18101959894111649462

51 zeram the Ducker (level 3, -3/54 HPs)
             Began as a Troll Fighter on Nov 16, 2022.
             Killed from afar by Sigmund (7 damage)
             ... with a puff of flame
             ... on level 2 of the Dungeon.
             The game lasted 00:02:02 (1060 turns).

zeram the Ducker (Troll Fighter)                    Turns: 1060, Time: 00:02:03

Health: -3/54      AC:  4    Str: 24    XL:     3   Next: 57%
Magic:  2/2        EV:  9    Int:  6    God:
Gold:   118        SH:  7    Dex:  9    Spells: 2/2 levels left

rFire   . . .      SeeInvis .   a - +0 flail (vamp)
rCold   . . .      Faith    .   c - +0 kite shield
rNeg    . . .      Spirit   .   b - +0 robe
rPois   .          Reflect  .   (helmet restricted)
rElec   .          Harm     .   (no cloak)
rCorr   .          Rampage  .   (gloves unavailable)
Will    .....                   (boots unavailable)
Stlth   ..........              (no amulet)
HPRegen 0.98/turn               (no ring)
MPRegen 0.08/turn               (no ring)

@: mighty, berserking, very quick
A: large, unfitting armour, claws 3, regeneration 1, shaggy fur 1, tough skin 1
a: no special abilities


You were on level 2 of the Dungeon.
You visited 1 branch of the dungeon, and saw 2 of its levels.

You collected 118 gold pieces.

Inventory:

Hand Weapons
 a - a +0 vampiric flail (weapon)
 j - a +2 hand axe of freezing
Armour
 b - a +0 robe (worn)
 c - a +0 kite shield (worn)
Jewellery
 e - an amulet of faith
Wands
 h - a wand of flame (4)
Scrolls
 f - a scroll of teleportation
Potions
 i - a potion of heal wounds {unknown}
 k - a potion of flight {unknown}
 l - a potion of ambrosia {unknown}


   Skills:
 - Level 2.4 Fighting
 - Level 1.7 Maces & Flails
 + Level 3.8 Dodging
 - Level 2.6 Shields


You had 2 spell levels left.
You didn't know any spells.
Your spell library contained the following spells:

 Spells                   Type           Power      Damage    Failure   Level
 Magic Dart               Conj           0%         1d3       77%         1
 Searing Ray              Conj           0%         2d4       88%         2
 Fulminant Prism          Conj/Hex       0%         3d6       100%        4


Dungeon Overview and Level Annotations

Branches:
Dungeon (2/15)

Altars:

Annotations:
D:2 Sigmund


Innate Abilities, Weirdness & Mutations

You are too large for most types of armour.
You have claws for hands.
Your natural rate of healing is unusually fast.
You are covered in fur. (AC +1)
You have tough skin. (AC +1)


Message History

No target in view!
No target in view!
You now have 113 gold pieces (gained 13).
You now have 118 gold pieces (gained 5).
Sigmund the Dreaded comes into view.
He is wielding a +0 scythe.
Sigmund shouts!
Sigmund is nearby!
Sigmund is nearby!
Sigmund is nearby!
Sigmund is nearby!
You feel very mighty all of a sudden.
Sigmund mumbles some strange words.
Sigmund flickers and vanishes!
Deactivating autopickup; reactivate with Ctrl-A.
You hear some strange, mumbled words.
A magic dart appears from out of thin air!
The magic dart hits you!
You closely miss something. Something hits you but does no damage.
You barely miss something. Something hits you!
You closely miss something. Something hits you.
You barely miss something. Something hits you!
You closely miss something. Something hits you.
You barely miss something. You block something's attack.
You miss something.
You hear some strange, mumbled words.
A magic dart appears from out of thin air!
The magic dart hits you!
* * * LOW HITPOINT WARNING * * *
You barely miss something.
You hear some strange, mumbled words.
A puff of flame appears from out of thin air!
The puff of flame hits you!
* * * LOW HITPOINT WARNING * * *
It was a potion of berserk rage.
A red film seems to cover your vision as you go berserk!
You feel yourself moving faster!
You feel mighty!
You hear some strange, mumbled words.
A puff of flame appears from out of thin air!
The puff of flame hits you!
You die...

....†....##
#..###
####.##.##
#..# #.##.#
#..# #.##.#
########..#
#.##.#
#........##
#.##.#
#.######.#
..##.# #.#
#.# ##....
#.# #.#
.... #@#
#.# #{# #.#
#.# #.# #.#
#.# #.# #.#
#.# #.#


There were no monsters in sight!

Vanquished Creatures
  An adder (D:2)
  A dart slug (D:1)
  3 bats (D:1)
  9 endoplasms
  4 goblins
  4 hobgoblins
  4 kobolds
  2 quokkas
  2 ball pythons
  3 rats (D:1)
33 creatures vanquished.

Vanquished Creatures (others)
  A plant (D:1)
1 creature vanquished.

Grand Total: 34 creatures vanquished

Notes
Turn   | Place    | Note
-------+----------+-------------------------------------------
     0 | D:1      | zeram the Troll Fighter began the quest for the Orb.
     0 | D:1      | Reached XP level 1. HP: 22/22 MP: 0/0
   249 | D:1      | Reached skill level 3 in Dodging
   249 | D:1      | Reached XP level 2. HP: 26/29 MP: 1/1
   362 | D:1      | Reached XP level 3. HP: 31/36 MP: 2/2
  1047 | D:2      | Noticed Sigmund
  1060 | D:2      | Killed from afar by Sigmund

Illustrated notes

Levels and vault maps discovered:
D:1:      tarquinn_simple_flora_water_e, layout_loops_ring, serial_bayou,
          serial_bayou_lake_a, serial_bayou_pond_d, serial_bayou_pond_b,
          serial_bayou_crossing, serial_bayou_pond_c, minmay_indecisive_spiral
D:2:      layout_loops_ring, uniq_sigmund

Skill      XL: |  1 |
---------------+----+-----
Dodging        | 3 |  3.8
Fighting       | |  2.4
Maces & Flails | |  1.7
Shields        | |  2.6

Action                   || total
-------------------------++-------
Melee: Flail             ||   103
       Hand axe          ||     3
  Use: Scroll            ||     3
       Potion            ||     2
 Stab: Sleeping          ||     1
Armor: Robe              ||    41
Dodge: Dodged            ||    53
Block: Kite shield       ||    47
